 Dungeon Crawl Stone Soup version 0.29-a0-418-gc0181ea820 (webtiles) character file.

Game seed: 2632080643058178096

1185 mavavulus the Cleaver (level 8, -2/73 HPs)
             Began as a Minotaur Fighter on May 17, 2022.
             Was a Follower of Okawaru.
             Killed from afar by a starcursed mass (8 damage)
             ... with an accursed screaming
             ... on level 5 of the Dungeon.
             The game lasted 00:55:03 (4939 turns).

mavavulus the Cleaver (Minotaur Fighter)            Turns: 4939, Time: 00:55:04

Health: -2/73      AC: 16    Str: 24    XL:     8   Next: 19%
Magic:  7/7        EV:  6    Int:  5    God:    Okawaru [*.....]
Gold:   188        SH:  4    Dex:  9    Spells: 7/7 levels left

rFire   . . .      SeeInvis .   a - +0 war axe
rCold   . . .      Faith    .   c - +0 buckler
rNeg    . . .      Spirit   .   J - +0 plate armour
rPois   .          Reflect  .   (helmet restricted)
rElec   .          Harm     .   E - +2 cloak {Stlth+}
rCorr   .          Rampage  .   C - +0 pair of gloves
Will    +....                   (no boots)
Stlth   ..........              (no amulet)
HPRegen 0.00/turn               q - ring of willpower
MPRegen 0.10/turn               (no ring)

@: about to teleport, sick
A: horns 2, retaliatory headbutt
a: Renounce Religion, Heroism


You were on level 5 of the Dungeon.
You worshipped Okawaru.
Okawaru was aware of your devotion.
You visited 2 branches of the dungeon, and saw 6 of its levels.
You visited the Abyss 1 time.

You collected 188 gold pieces.

Inventory:

Hand Weapons
 a - a +0 war axe (weapon)
 e - a +0 dagger
 j - a +0 hand axe
 y - a +1 vorpal falchion
Missiles
 g - 157 stones
 l - 5 silver javelins (quivered)
 r - 4 poisoned darts
Armour
 b - a +0 scale mail
 c - a +0 buckler (worn)
 f - a +0 cloak
 i - a +0 leather armour
 s - a +0 ring mail
 C - a +0 pair of gloves (worn)
 D - a +3 leather armour
 E - a +2 cloak of stealth (worn)
 J - a +0 plate armour (worn)
Magical Staves
 F - a staff of conjuration
Jewellery
 d - a ring of protection from cold
 q - a ring of willpower (left hand)
Scrolls
 n - 2 scrolls of teleportation
 o - 2 scrolls of fog
 t - a scroll of amnesia {unknown}
 u - a scroll of poison {unknown}
 z - a scroll of enchant armour {unknown}
 A - a scroll of identify
 G - a scroll of fear {unknown}
 K - a scroll of enchant weapon {unknown}
Potions
 h - 2 potions of cancellation
 k - 3 potions of mutation
 p - a potion of magic
 v - a potion of invisibility {unknown}
 w - 2 potions of flight
 x - a potion of lignification {unknown}
 B - a potion of berserk rage {unknown}
 H - a potion of ambrosia {unknown}
 I - a potion of haste {unknown}


   Skills:
 + Level 7.2 Fighting
 - Level 2.6 Long Blades
 * Level 8.7 Axes
 + Level 4.7 Armour
 + Level 4.7 Shields


You had 7 spell levels left.
You didn't know any spells.
Your spell library contained the following spells:

 Spells                   Type           Power      Damage    Failure   Level
 Magic Dart               Conj           0%         1d3       100%        1
 Scorch                   Fire           0%         2d5       100%        2
 Mephitic Cloud           Conj/Pois/Air  0%         N/A       100%        3
 Flame Wave               Conj/Fire      0%         2d4       100%        4
 Call Imp                 Summ           Unusable   N/A       N/A         2
 Summon Cactus Giant      Summ           Unusable   N/A       N/A         6

Dungeon Overview and Level Annotations

Branches:
Dungeon (5/15)             Temple (1/1) D:4

Altars:
Cheibriados
Elyvilon
Gozag
Hepliaklqana
Okawaru
Ru
Trog
Zin
Beogh


Innate Abilities, Weirdness & Mutations

You have a pair of horns on your head.
You reflexively headbutt those who attack you in melee.


Message History

The ancient zyme hits you. The ancient zyme hits you!
You slash the ancient zyme! You headbutt the ancient zyme.
You destroy the ancient zyme!
That felt strangely unrewarding.
A tentacled starspawn comes into view.
The substance of the Abyss twists violently, and a gateway leading out appears!
A starcursed mass splits.
There is a gateway leading out of the Abyss here.
Press: ? - help, v - describe, . - travel The floor.
There is a cloud of translocational energy here.
A chorus of shrieks assaults your mind.
A starcursed mass splits.
The starcursed mass barely misses you.
A starcursed mass splits.
The starcursed mass touches you but does no damage.
There is a gateway leading out of the Abyss here.
A deafening chorus of shrieks assaults your mind!
* * * LOW HITPOINT WARNING * * *
You suddenly lose the ability to move!
The starcursed mass touches you but does no damage.
You can move again.
You pass through the gate.
Welcome back to the Dungeon!
The kobold hits you but does no damage. Space warps around you.
* * * LOW HITPOINT WARNING * * *
Okay, then.
As you read the scroll of teleportation, it crumbles to dust.
You feel strangely unstable. You block the kobold's attack.
The starcursed mass shrieks in your mind.
* * * LOW HITPOINT WARNING * * *
You hit the starcursed mass.
The starcursed mass is lightly damaged.
You slash the kobold!
You kill the kobold!
Okawaru accepts your kill.
The starcursed mass touches you but does no damage.
You hit the starcursed mass. You headbutt the starcursed mass.
The starcursed mass is severely damaged.
The starcursed mass shrieks in your mind.
You die...

############## #............#
################.##########.#
...................# #.#
#.......KK#####.#.# ##.##
#.##'''##KKX@)....# #####...#
..##.....#######.#.###........
#P.#.#.≈# .......#.###...#
#⌠.#.#.⌠# #.#.#.#.####.## #P
#.#.≈# #............## #
....## ###.....##..... ...##
#.....###.#### ## #.....# #.#
#..#### #.#


You could see a starcursed mass and 4 kobolds.

Vanquished Creatures
  The ghost of SirDiesAlot the Thaumaturge, a novice DEFE (D:5)
  The ghost of bande the Digger, a novice GnWn (D:4)
  2 ancient zymes (Abyss:1)
  An orc warrior (D:4)
  A kobold brigand (D:5)
  A necrophage (D:4)
  A scorpion (D:4)
  An orc priest (D:4)
  2 hounds (D:5)
  An iguana (D:4)
  An orc wizard (D:4)
  4 adders
  A white imp (D:5)
  A worm (D:2)
  4 dart slugs
  15 orcs
  4 bats
  9 endoplasms
  3 giant cockroaches
  9 goblins
  5 hobgoblins
  9 jackals
  5 quokkas
  9 ball pythons
  5 frilled lizards
  11 kobolds
  4 rats
111 creatures vanquished.

Vanquished Creatures (others)
  A fungus (D:5)
  A plant (D:5)
2 creatures vanquished.

Grand Total: 113 creatures vanquished

Notes
Turn   | Place    | Note
-------+----------+-------------------------------------------
     0 | D:1      | mavavulus the Minotaur Fighter began the quest for the Orb.
     0 | D:1      | Reached XP level 1. HP: 19/19 MP: 0/0
   139 | D:1      | Reached XP level 2. HP: 27/27 MP: 1/1
   304 | D:1      | Reached skill level 3 in Axes
   706 | D:1      | Reached XP level 3. HP: 33/33 MP: 2/2
   902 | D:1      | Found a faded altar of an unknown god.
  1655 | D:2      | Reached skill level 4 in Axes
  1925 | D:3      | Found a hazy altar of Hepliaklqana.
  2038 | D:3      | Reached XP level 4. HP: 41/41 MP: 3/3
  2498 | D:3      | Reached skill level 1 in Long Blades
  2743 | D:4      | Noticed a necrophage
  2767 | D:4      | Killed a necrophage
  2768 | D:4      | Reached skill level 5 in Fighting
  2768 | D:4      | Reached XP level 5. HP: 41/48 MP: 4/4
  2846 | D:4      | Found a runed translucent gate.
  2846 | D:4      | Noticed bande's ghost (novice GnWn)
  2871 | D:4      | Found a glowing silver altar of Zin.
  2924 | D:4      | Found a runed translucent gate.
  2925 | D:4      | Found a runed translucent gate.
  3142 | D:4      | Killed bande's ghost
  3143 | D:4      | Reached skill level 6 in Axes
  3143 | D:4      | Reached XP level 6. HP: 17/57 MP: 5/5
  3535 | D:4      | Reached XP level 7. HP: 60/63 MP: 6/6
  3605 | D:4      | Reached skill level 7 in Axes
  4147 | D:4      | Found a staircase to the Ecumenical Temple.
  4156 | Temple   | Entered the Ecumenical Temple
  4204 | Temple   | Became a worshipper of Warmaster Okawaru
  4420 | D:5      | Entered Level 5 of the Dungeon
  4458 | D:5      | Found an opulent altar of Gozag.
  4584 | D:5      | Found a runed translucent gate.
  4585 | D:5      | Found a runed translucent gate.
  4586 | D:5      | Found a runed translucent gate.
  4588 | D:5      | Noticed SirDiesAlot's ghost (novice DEFE)
  4612 | D:5      | Reached skill level 8 in Axes
  4615 | D:5      | Killed SirDiesAlot's ghost
  4615 | D:5      | Reached * piety under Okawaru
  4616 | D:5      | Reached XP level 8. HP: 34/73 MP: 7/7
  4617 | D:5      | Cast into level 1 of the Abyss (kobold)
  4752 | Abyss:1  | Noticed a smoke demon
  4762 | Abyss:1  | Noticed an ancient zyme
  4774 | Abyss:1  | Killed an ancient zyme
  4903 | Abyss:1  | Found a corrupted altar of Lugonu.
  4906 | Abyss:1  | Noticed an ancient zyme
  4911 | Abyss:1  | Noticed a starcursed mass
  4931 | Abyss:1  | Killed an ancient zyme
  4931 | Abyss:1  | Noticed a tentacled starspawn
  4935 | Abyss:1  | Paralysed by accursed screaming for 1 turns
  4936 | D:5      | Escaped the Abyss
  4939 | D:5      | Killed from afar by a starcursed mass

Illustrated notes

Levels and vault maps discovered:
D:1:      erik_arrival_blinker_ship, layout_loops_ring,
          shapermc_ecumenical_altar_pompeii, minmay_misc_feat_rows,
          skrybe_limestone_x
D:2:      layout_rooms
D:3:      layout_basic, mainiacjoe_overflow_small_starburst
D:4:      layout_basic, nicolae_overflow_crystal_walls,
          minmay_temple_entry_poolview, biasface_ghost_orc_armoury
D:5:      layout_loops_ring, mainiacjoe_overflow_brackets,
          mainiacjoe_overflow_large_starburst, marbit_many_paths,
          gammafunk_ghost_nasty_kobolds, minmay_misc_feat_tiny
Temple:   hc_temple_tempest_star

Skill      XL: |  1  2  3  4  5  6  7 |
---------------+----------------------+-----
Fighting       | 4 5 6 7 |  7.2
Axes           | 3 4 6 8 |  8.7
Long Blades    | 2 |  2.6
Armour         | 4 |  4.7
Shields        | 4 |  4.7

Action                   |  1- 3 |  4- 6 |  7- 9 || total
-------------------------+-------+-------+-------++-------
Melee: War axe           |    89 |    55 |    84 ||   228
       Headbutt          |     9 |     8 |    17 ||    34
       Falchion          |       |    19 |       ||    19
Throw: Javelin           |     8 |     1 |     6 ||    15
       Stone             |       |       |     3 ||     3
  Use: Scroll            |     6 |       |     3 ||     9
       Potion            |       |     1 |     2 ||     3
Armor: Scale mail        |    27 |    11 |       ||    38
       Leather armour    |       |     6 |     9 ||    15
       Plate armour      |       |       |    33 ||    33
Dodge: Dodged            |    35 |    26 |    23 ||    84
Block: Buckler           |    17 |    21 |    22 ||    60

Table legend: (Time is in decaauts)
 A = Elapsed time spent in this place.
 B = Non-inter-level travel time spent in this place.
 C = Inter-level travel time spent in this place.
 D = Time resting spent in this place.
 E = Time spent auto-exploring this place.
 F = Levels seen in this place.
 G = Mean time per level.
                   A        B        C        D        E       F      G
               +--------+--------+--------+--------+--------+-----+--------+
         Total |   5016 |   4820 |    196 |    643 |   2168 |   7 |  716.6 |
       Dungeon |   4626 |   4430 |    196 |    643 |   1941 |   5 |  925.2 |
        Temple |     70 |     70 |      0 |      0 |     23 |   1 |   70.0 |
         Abyss |    320 |    320 |      0 |      0 |    204 |   1 |  320.0 |
               +--------+--------+--------+--------+--------+-----+--------+

Top non-repeatable levels by time:
     D:4: 1648 daAuts
     D:1: 1205 daAuts
     D:3: 884 daAuts
     D:2: 682 daAuts
 Abyss:1: 320 daAuts
     D:5: 205 daAuts
  Temple: 70 daAuts
